 Dungeon Crawl Stone Soup version 0.29.0-4-gdea44cf6ec (webtiles) character file.

Game seed: 2263054608610723406

3 qw the Sneak (level 1, -3/14 HPs)
             Began as a Gargoyle Delver on Sept 10, 2022.
             Was an Initiate of Okawaru.
             Slain by an iguana (12 damage)
             ... on level 4 of the Dungeon.
             The game lasted 00:00:06 (197 turns).

qw the Sneak (Gargoyle Delver)                       Turns: 197, Time: 00:00:06

Health: -3/14      AC:  5    Str: 15    XL:     1   Next: 50%
Magic:  1/1        EV: 11    Int: 10    God:    Okawaru [......]
Gold:   12         SH:  0    Dex: 11    Spells: 0/0 levels left

rFire   . . .      SeeInvis .   c - +0 war axe
rCold   . . .      Faith    .   (no shield)
rNeg    + . .      Spirit   .   b - +0 leather armour
rPois   inf        Reflect  .   (no helmet)
rElec   +          Harm     .   (no cloak)
rCorr   .          Rampage  .   (no gloves)
Will    .....                   (no boots)
Stlth   +++.......              (no amulet)
HPRegen 0.04/turn               (no ring)
MPRegen 0.07/turn               (no ring)

@: no status effects
A: sickness immunity, AC +2, negative energy resistance 1, electricity
resistance, torment resistance 1, petrification resistance
a: Renounce Religion


You were on level 4 of the Dungeon.
You worshipped Okawaru.
Okawaru was noncommittal.
You visited 2 branches of the dungeon, and saw 3 of its levels.

You collected 12 gold pieces.


Innate Abilities, Weirdness & Mutations

You are immune to sickness and miasma.
Your stone body is resilient. (AC +2)
You are immune to poison.
You resist negative energy. (rN+)
You are resistant to electric shocks. (rElec)
You are resistant to unholy torment.
You are immune to petrification.


   Skills:
 - Level 3.2 Fighting
 + Level 2.1 Axes
 - Level 1.5 Dodging
 - Level 5.4 Stealth


You couldn't memorise any spells.
You didn't know any spells.
Your spell library was empty.

Inventory:

Hand Weapons
 c - a +0 war axe (weapon)
Armour
 b - a +0 leather armour (worn)
Wands
 g - a wand of digging (3)
Potions
 f - a potion of haste

Dungeon Overview and Level Annotations

Branches:
Dungeon (5/15)             Temple (1/1) D:4

Altars:
Ashenzari
Elyvilon
Kikubaaqudgha
Nemelex Xobeh
Okawaru
Qazlal
Ru
Uskayaw
Vehumet
Wu Jian


Message History

There is a staircase back to the Dungeon here.
There is a sparkling altar of Nemelex Xobeh here.
There is an iron altar of Okawaru here.
Press < or > to pray at altars.
Press < or > to pray at altars.
Press < or > to pray at altars.
Done exploring.
Press < or > to pray at altars.
Press < or > to pray at altars.
You kneel at the altar of Okawaru.
Okawaru welcomes you!
Press < or > to pray at altars.
Press < or > to pray at altars.
Press < or > to pray at altars.
Press < or > to pray at altars.
Done exploring.
Press < or > to pray at altars.
Press < or > to pray at altars.
(D) Dungeon (T) Temple
Where to? (* - list waypoints, Enter - Temple @ (x,y), ? - help)
What level of the Dungeon? (default 4, ? - help) Press < or > to pray at altars.
There is a staircase back to the Dungeon here.
You climb upwards.
There is a staircase to the Ecumenical Temple here.
c - a +0 war axe A necrophage and an iguana come into view.
178 ||| Stepping ~*~*~tactically~*~*~ (stealth).
179 ||| SWAPPING to +0 war axe.
c - a +0 war axe (weapon)
180 ||| DROPPING +0 hand axe.
You drop a +0 hand axe.
You open the door.
There is an open door here.
An iguana comes into view.
The iguana hisses angrily.
You closely miss the iguana. The iguana bites you.
You slash the iguana!
The iguana is severely wounded.
The iguana bites you!
Ouch! That really hurt!
You die...

#..###.#.+........####
##.#~#.#.#......###
#.###...#....(.#
#..............#
#######..#'#####
#....#.# .. #.#.##.#
.# #......##l#
#.#.....@.# #.#######
... ###


You could see an iguana.

Vanquished Creatures
  2 endoplasms (D:4)
  A kobold (D:4)
3 creatures vanquished.

Notes
Turn   | Place    | Note
-------+----------+-------------------------------------------
     0 | D:5      | qw the Gargoyle Delver began the quest for the Orb.
     0 | D:5      | Reached XP level 1. HP: 14/14 MP: 1/1
     0 | D:5      | 0 ||| qw: Version: 0.1-a-117-gfe26ee0
     0 | D:5      | 0 ||| qw: Game counter: 9617
     0 | D:5      | 0 ||| qw: Always use a shield: true
     0 | D:5      | 0 ||| qw: God list: Okawaru
     0 | D:5      | 0 ||| qw: Allow faded altars: false
     0 | D:5      | 0 ||| qw: Do Orc after D:15 true
     0 | D:5      | 0 ||| qw: Do second Lair branch before Depths: true
     0 | D:5      | 0 ||| qw: Lair rune preference: random
     0 | D:5      | 0 ||| qw: Plans: Normal
     0 | D:5      | 0 ||| PLANNING D:1-11
     1 | D:5      | Noticed an iguana
     2 | D:5      | 2 ||| FLEEEEING.
     3 | D:5      | 3 ||| FLEEEEING.
     4 | D:5      | 4 ||| FLEEEEING.
     5 | D:5      | 5 ||| FLEEEEING.
     6 | D:5      | 6 ||| FLEEEEING.
     7 | D:5      | 7 ||| FLEEEEING.
     8 | D:5      | 8 ||| FLEEEEING.
     9 | D:5      | 9 ||| STAIRDANCE
    51 | D:4      | Found a staircase to the Ecumenical Temple.
    52 | D:4      | 52 ||| PLANNING TEMPLE
    52 | D:4      | 52 ||| DROPPING scroll of fog.
    53 | D:4      | 53 ||| DROPPING scroll of magic mapping.
    54 | D:4      | 54 ||| DROPPING scroll of fear.
    60 | Temple   | Entered the Ecumenical Temple
   115 | Temple   | 115 ||| PLANNING D:1-11
   149 | Temple   | Became a worshipper of Warmaster Okawaru
   177 | D:4      | Noticed a necrophage
   177 | D:4      | Noticed an iguana
   178 | D:4      | 178 ||| Stepping ~*~*~tactically~*~*~ (stealth).
   179 | D:4      | 179 ||| SWAPPING to +0 war axe.
   180 | D:4      | 180 ||| DROPPING +0 hand axe.
   192 | D:4      | Noticed an iguana
   197 | D:4      | Slain by an iguana

Levels and vault maps discovered:
D:4:      layout_basic, minmay_temple_entry_tees, feat_on_display
D:5:      wad_lake_hut, layout_cave_pods, amcnicky_altar_gilded
Temple:   zaba_magenta_temple

Skill      XL: |  1 |
---------------+----+-----
Axes           | 2 |  2.1
Fighting       | |  3.2
Dodging        | |  1.5
Stealth        | |  5.4

Action                   || total
-------------------------++-------
Melee: Hand axe          ||     6
       War axe           ||     2
Dodge: Dodged            ||     3

Table legend:
 A = Non-vault XP
 B = Vault XP
 C = Vault XP percentage of total XP
 D = Non-vault monster count
 E = Vault monster count
 F = Vault count percentage of total count
                 A         B        C        D         E       F
            +---------+---------+-------+---------+---------+-------
      Total |       5 |       0 |   0.0 |       3 |       0 |   0.0
            +---------+---------+-------+---------+---------+-------
        D:4 |       5 |       0 |   0.0 |       3 |       0 |   0.0
            +---------+---------+-------+---------+---------+-------
